Workbook
Name CategoryList: Budget!$A$5:$A$14

Sheet Dashboard
A1: Bramblecask Bakeshop · 2026 Budget Tracker
A2: EXAMPLE DATA: fictional bakery, invented numbers. Sample written for portfolio purposes; not client work.
A4: Year to date
A5: Income | B5: =SUMIFS(Transactions!$D$5:$D$147,Transactions!$E$5:$E$147,"Income")
A6: Expenses | B6: =SUMIFS(Transactions!$D$5:$D$147,Transactions!$E$5:$E$147,"Expense")
A7: Net profit | B7: =B5-B6
A8: Profit margin | B8: =IF(B5=0,0,B7/B5)
A10: By month | H10: By category (year to date)
A11: Month | B11: Income | C11: Expenses | D11: Net | E11: Expense budget | F11: Over / under budget | H11: Category | I11: Type | J11: Annual budget | K11: Actual YTD | L11: Remaining | M11: % of annual budget
A12: Jan | B12: =SUMIFS(Transactions!$D$5:$D$147,Transactions!$E$5:$E$147,"Income",Transactions!$F$5:$F$147,1) | C12: =SUMIFS(Transactions!$D$5:$D$147,Transactions!$E$5:$E$147,"Expense",Transactions!$F$5:$F$147,1) | D12: =B12-C12 | E12: =SUMIFS(Budget!$C$5:$C$14,Budget!$B$5:$B$14,"Expense") | F12: =IF(C12=0,"",C12-E12) | H12: =Budget!A5 | I12: =Budget!B5 | J12: =Budget!D5 | K12: =SUMIFS(Transactions!$D$5:$D$147,Transactions!$C$5:$C$147,H12) | L12: =J12-K12 | M12: =IF(J12=0,0,K12/J12)
A13: Feb | B13: =SUMIFS(Transactions!$D$5:$D$147,Transactions!$E$5:$E$147,"Income",Transactions!$F$5:$F$147,2) | C13: =SUMIFS(Transactions!$D$5:$D$147,Transactions!$E$5:$E$147,"Expense",Transactions!$F$5:$F$147,2) | D13: =B13-C13 | E13: =SUMIFS(Budget!$C$5:$C$14,Budget!$B$5:$B$14,"Expense") | F13: =IF(C13=0,"",C13-E13) | H13: =Budget!A6 | I13: =Budget!B6 | J13: =Budget!D6 | K13: =SUMIFS(Transactions!$D$5:$D$147,Transactions!$C$5:$C$147,H13) | L13: =J13-K13 | M13: =IF(J13=0,0,K13/J13)
A14: Mar | B14: =SUMIFS(Transactions!$D$5:$D$147,Transactions!$E$5:$E$147,"Income",Transactions!$F$5:$F$147,3) | C14: =SUMIFS(Transactions!$D$5:$D$147,Transactions!$E$5:$E$147,"Expense",Transactions!$F$5:$F$147,3) | D14: =B14-C14 | E14: =SUMIFS(Budget!$C$5:$C$14,Budget!$B$5:$B$14,"Expense") | F14: =IF(C14=0,"",C14-E14) | H14: =Budget!A7 | I14: =Budget!B7 | J14: =Budget!D7 | K14: =SUMIFS(Transactions!$D$5:$D$147,Transactions!$C$5:$C$147,H14) | L14: =J14-K14 | M14: =IF(J14=0,0,K14/J14)
A15: Apr | B15: =SUMIFS(Transactions!$D$5:$D$147,Transactions!$E$5:$E$147,"Income",Transactions!$F$5:$F$147,4) | C15: =SUMIFS(Transactions!$D$5:$D$147,Transactions!$E$5:$E$147,"Expense",Transactions!$F$5:$F$147,4) | D15: =B15-C15 | E15: =SUMIFS(Budget!$C$5:$C$14,Budget!$B$5:$B$14,"Expense") | F15: =IF(C15=0,"",C15-E15) | H15: =Budget!A8 | I15: =Budget!B8 | J15: =Budget!D8 | K15: =SUMIFS(Transactions!$D$5:$D$147,Transactions!$C$5:$C$147,H15) | L15: =J15-K15 | M15: =IF(J15=0,0,K15/J15)
A16: May | B16: =SUMIFS(Transactions!$D$5:$D$147,Transactions!$E$5:$E$147,"Income",Transactions!$F$5:$F$147,5) | C16: =SUMIFS(Transactions!$D$5:$D$147,Transactions!$E$5:$E$147,"Expense",Transactions!$F$5:$F$147,5) | D16: =B16-C16 | E16: =SUMIFS(Budget!$C$5:$C$14,Budget!$B$5:$B$14,"Expense") | F16: =IF(C16=0,"",C16-E16) | H16: =Budget!A9 | I16: =Budget!B9 | J16: =Budget!D9 | K16: =SUMIFS(Transactions!$D$5:$D$147,Transactions!$C$5:$C$147,H16) | L16: =J16-K16 | M16: =IF(J16=0,0,K16/J16)
A17: Jun | B17: =SUMIFS(Transactions!$D$5:$D$147,Transactions!$E$5:$E$147,"Income",Transactions!$F$5:$F$147,6) | C17: =SUMIFS(Transactions!$D$5:$D$147,Transactions!$E$5:$E$147,"Expense",Transactions!$F$5:$F$147,6) | D17: =B17-C17 | E17: =SUMIFS(Budget!$C$5:$C$14,Budget!$B$5:$B$14,"Expense") | F17: =IF(C17=0,"",C17-E17) | H17: =Budget!A10 | I17: =Budget!B10 | J17: =Budget!D10 | K17: =SUMIFS(Transactions!$D$5:$D$147,Transactions!$C$5:$C$147,H17) | L17: =J17-K17 | M17: =IF(J17=0,0,K17/J17)
A18: Jul | B18: =SUMIFS(Transactions!$D$5:$D$147,Transactions!$E$5:$E$147,"Income",Transactions!$F$5:$F$147,7) | C18: =SUMIFS(Transactions!$D$5:$D$147,Transactions!$E$5:$E$147,"Expense",Transactions!$F$5:$F$147,7) | D18: =B18-C18 | E18: =SUMIFS(Budget!$C$5:$C$14,Budget!$B$5:$B$14,"Expense") | F18: =IF(C18=0,"",C18-E18) | H18: =Budget!A11 | I18: =Budget!B11 | J18: =Budget!D11 | K18: =SUMIFS(Transactions!$D$5:$D$147,Transactions!$C$5:$C$147,H18) | L18: =J18-K18 | M18: =IF(J18=0,0,K18/J18)
A19: Aug | B19: =SUMIFS(Transactions!$D$5:$D$147,Transactions!$E$5:$E$147,"Income",Transactions!$F$5:$F$147,8) | C19: =SUMIFS(Transactions!$D$5:$D$147,Transactions!$E$5:$E$147,"Expense",Transactions!$F$5:$F$147,8) | D19: =B19-C19 | E19: =SUMIFS(Budget!$C$5:$C$14,Budget!$B$5:$B$14,"Expense") | F19: =IF(C19=0,"",C19-E19) | H19: =Budget!A12 | I19: =Budget!B12 | J19: =Budget!D12 | K19: =SUMIFS(Transactions!$D$5:$D$147,Transactions!$C$5:$C$147,H19) | L19: =J19-K19 | M19: =IF(J19=0,0,K19/J19)
A20: Sep | B20: =SUMIFS(Transactions!$D$5:$D$147,Transactions!$E$5:$E$147,"Income",Transactions!$F$5:$F$147,9) | C20: =SUMIFS(Transactions!$D$5:$D$147,Transactions!$E$5:$E$147,"Expense",Transactions!$F$5:$F$147,9) | D20: =B20-C20 | E20: =SUMIFS(Budget!$C$5:$C$14,Budget!$B$5:$B$14,"Expense") | F20: =IF(C20=0,"",C20-E20) | H20: =Budget!A13 | I20: =Budget!B13 | J20: =Budget!D13 | K20: =SUMIFS(Transactions!$D$5:$D$147,Transactions!$C$5:$C$147,H20) | L20: =J20-K20 | M20: =IF(J20=0,0,K20/J20)
A21: Oct | B21: =SUMIFS(Transactions!$D$5:$D$147,Transactions!$E$5:$E$147,"Income",Transactions!$F$5:$F$147,10) | C21: =SUMIFS(Transactions!$D$5:$D$147,Transactions!$E$5:$E$147,"Expense",Transactions!$F$5:$F$147,10) | D21: =B21-C21 | E21: =SUMIFS(Budget!$C$5:$C$14,Budget!$B$5:$B$14,"Expense") | F21: =IF(C21=0,"",C21-E21) | H21: =Budget!A14 | I21: =Budget!B14 | J21: =Budget!D14 | K21: =SUMIFS(Transactions!$D$5:$D$147,Transactions!$C$5:$C$147,H21) | L21: =J21-K21 | M21: =IF(J21=0,0,K21/J21)
A22: Nov | B22: =SUMIFS(Transactions!$D$5:$D$147,Transactions!$E$5:$E$147,"Income",Transactions!$F$5:$F$147,11) | C22: =SUMIFS(Transactions!$D$5:$D$147,Transactions!$E$5:$E$147,"Expense",Transactions!$F$5:$F$147,11) | D22: =B22-C22 | E22: =SUMIFS(Budget!$C$5:$C$14,Budget!$B$5:$B$14,"Expense") | F22: =IF(C22=0,"",C22-E22)
A23: Dec | B23: =SUMIFS(Transactions!$D$5:$D$147,Transactions!$E$5:$E$147,"Income",Transactions!$F$5:$F$147,12) | C23: =SUMIFS(Transactions!$D$5:$D$147,Transactions!$E$5:$E$147,"Expense",Transactions!$F$5:$F$147,12) | D23: =B23-C23 | E23: =SUMIFS(Budget!$C$5:$C$14,Budget!$B$5:$B$14,"Expense") | F23: =IF(C23=0,"",C23-E23) | H23: Year-to-date figures cover Jan–Jun example entries; a full year is about 50% of the annual budget.
A24: Total | B24: =SUM(B12:B23) | C24: =SUM(C12:C23) | D24: =SUM(D12:D23) | E24: =SUM(E12:E23) | F24: =SUM(F12:F23)

Sheet Transactions
A1: Transactions
A2: EXAMPLE DATA: invented entries for a fictional bakery. Replace with your own; Type and Month fill in automatically.
A4: Date | B4: Description | C4: Category | D4: Amount | E4: Type | F4: Month
A5: 46024 | B5: Weekly counter takings | C5: Counter sales | D5: 2015.89 | E5: =IFERROR(INDEX(Budget!$B$5:$B$14,MATCH(C5,Budget!$A$5:$A$14,0)),"Check category") | F5: =IF(A5="","",MONTH(A5))
A6: 46028 | B6: Chocolate and nuts | C6: Flour and ingredients | D6: 1349.78 | E6: =IFERROR(INDEX(Budget!$B$5:$B$14,MATCH(C6,Budget!$A$5:$A$14,0)),"Check category") | F6: =IF(A6="","",MONTH(A6))
A7: 46030 | B7: Office breakfast catering | C7: Catering and cakes | D7: 827.61 | E7: =IFERROR(INDEX(Budget!$B$5:$B$14,MATCH(C7,Budget!$A$5:$A$14,0)),"Check category") | F7: =IF(A7="","",MONTH(A7))
A8: 46031 | B8: Payroll, second half | C8: Wages | D8: 2810.8 | E8: =IFERROR(INDEX(Budget!$B$5:$B$14,MATCH(C8,Budget!$A$5:$A$14,0)),"Check category") | F8: =IF(A8="","",MONTH(A8))
A9: 46032 | B9: Deli pastry order | C9: Wholesale orders | D9: 1270.19 | E9: =IFERROR(INDEX(Budget!$B$5:$B$14,MATCH(C9,Budget!$A$5:$A$14,0)),"Check category") | F9: =IF(A9="","",MONTH(A9))
A10: 46032 | B10: Weekend counter takings | C10: Counter sales | D10: 2462.43 | E10: =IFERROR(INDEX(Budget!$B$5:$B$14,MATCH(C10,Budget!$A$5:$A$14,0)),"Check category") | F10: =IF(A10="","",MONTH(A10))
A11: 46035 | B11: Flour and grain delivery | C11: Flour and ingredients | D11: 1235.89 | E11: =IFERROR(INDEX(Budget!$B$5:$B$14,MATCH(C11,Budget!$A$5:$A$14,0)),"Check category") | F11: =IF(A11="","",MONTH(A11))
A12: 46035 | B12: Shop rent | C12: Rent | D12: 2800 | E12: =IFERROR(INDEX(Budget!$B$5:$B$14,MATCH(C12,Budget!$A$5:$A$14,0)),"Check category") | F12: =IF(A12="","",MONTH(A12))
A13: 46037 | B13: Electric and gas | C13: Utilities | D13: 624.72 | E13: =IFERROR(INDEX(Budget!$B$5:$B$14,MATCH(C13,Budget!$A$5:$A$14,0)),"Check category") | F13: =IF(A13="","",MONTH(A13))
A14: 46038 | B14: Boxes and bags | C14: Packaging | D14: 498.05 | E14: =IFERROR(INDEX(Budget!$B$5:$B$14,MATCH(C14,Budget!$A$5:$A$14,0)),"Check category") | F14: =IF(A14="","",MONTH(A14))
A15: 46042 | B15: Deli pastry order | C15: Wholesale orders | D15: 1468.89 | E15: =IFERROR(INDEX(Budget!$B$5:$B$14,MATCH(C15,Budget!$A$5:$A$14,0)),"Check category") | F15: =IF(A15="","",MONTH(A15))
A16: 46042 | B16: Payroll, second half | C16: Wages | D16: 2397.87 | E16: =IFERROR(INDEX(Budget!$B$5:$B$14,MATCH(C16,Budget!$A$5:$A$14,0)),"Check category") | F16: =IF(A16="","",MONTH(A16))
... A107: 46197 | B107: Payroll, first half | C107: Wages | D107: 3259.6 | E107: =IFERROR(INDEX(Budget!$B$5:$B$14,MATCH(C107,Budget!$A$5:$A$14,0)),"Check category") | F107: =IF(A107="","",MONTH(A107))
E108: =IF(C108="","",IFERROR(INDEX(Budget!$B$5:$B$14,MATCH(C108,Budget!$A$5:$A$14,0)),"Check category")) | F108: =IF(A108="","",MONTH(A108))
E109: =IF(C109="","",IFERROR(INDEX(Budget!$B$5:$B$14,MATCH(C109,Budget!$A$5:$A$14,0)),"Check category")) | F109: =IF(A109="","",MONTH(A109))
E110: =IF(C110="","",IFERROR(INDEX(Budget!$B$5:$B$14,MATCH(C110,Budget!$A$5:$A$14,0)),"Check category")) | F110: =IF(A110="","",MONTH(A110))
E111: =IF(C111="","",IFERROR(INDEX(Budget!$B$5:$B$14,MATCH(C111,Budget!$A$5:$A$14,0)),"Check category")) | F111: =IF(A111="","",MONTH(A111))
E112: =IF(C112="","",IFERROR(INDEX(Budget!$B$5:$B$14,MATCH(C112,Budget!$A$5:$A$14,0)),"Check category")) | F112: =IF(A112="","",MONTH(A112))
E113: =IF(C113="","",IFERROR(INDEX(Budget!$B$5:$B$14,MATCH(C113,Budget!$A$5:$A$14,0)),"Check category")) | F113: =IF(A113="","",MONTH(A113))
E114: =IF(C114="","",IFERROR(INDEX(Budget!$B$5:$B$14,MATCH(C114,Budget!$A$5:$A$14,0)),"Check category")) | F114: =IF(A114="","",MONTH(A114))
E115: =IF(C115="","",IFERROR(INDEX(Budget!$B$5:$B$14,MATCH(C115,Budget!$A$5:$A$14,0)),"Check category")) | F115: =IF(A115="","",MONTH(A115))
E116: =IF(C116="","",IFERROR(INDEX(Budget!$B$5:$B$14,MATCH(C116,Budget!$A$5:$A$14,0)),"Check category")) | F116: =IF(A116="","",MONTH(A116))
E117: =IF(C117="","",IFERROR(INDEX(Budget!$B$5:$B$14,MATCH(C117,Budget!$A$5:$A$14,0)),"Check category")) | F117: =IF(A117="","",MONTH(A117))
E118: =IF(C118="","",IFERROR(INDEX(Budget!$B$5:$B$14,MATCH(C118,Budget!$A$5:$A$14,0)),"Check category")) | F118: =IF(A118="","",MONTH(A118))
E119: =IF(C119="","",IFERROR(INDEX(Budget!$B$5:$B$14,MATCH(C119,Budget!$A$5:$A$14,0)),"Check category")) | F119: =IF(A119="","",MONTH(A119))
... E147: =IF(C147="","",IFERROR(INDEX(Budget!$B$5:$B$14,MATCH(C147,Budget!$A$5:$A$14,0)),"Check category")) | F147: =IF(A147="","",MONTH(A147))

Sheet Budget
A1: Monthly budget by category
A2: EXAMPLE DATA: fictional bakery. Edit the blue cells to set your own budget.
A4: Category | B4: Type | C4: Monthly budget | D4: Annual budget
A5: Counter sales | B5: Income | C5: 9800 | D5: =C5*12
A6: Wholesale orders | B6: Income | C6: 3400 | D6: =C6*12
A7: Catering and cakes | B7: Income | C7: 2100 | D7: =C7*12
A8: Flour and ingredients | B8: Expense | C8: 3900 | D8: =C8*12
A9: Packaging | B9: Expense | C9: 650 | D9: =C9*12
A10: Rent | B10: Expense | C10: 2800 | D10: =C10*12
A11: Utilities | B11: Expense | C11: 720 | D11: =C11*12
A12: Wages | B12: Expense | C12: 5600 | D12: =C12*12
A13: Equipment and repairs | B13: Expense | C13: 400 | D13: =C13*12
A14: Marketing | B14: Expense | C14: 300 | D14: =C14*12

Sheet How to use
A1: How to use this template
A3: 1. Budget sheet: rename the categories and set a monthly budget for each (blue cells). Type must be Income or Expense.
A4: 2. Transactions sheet: delete the example rows, then add one row per payment or sale. Pick the category from the dropdown.
A5: 3. Type and Month fill in automatically. A red "Check category" flag means the category is not on the Budget sheet.
A6: 4. Dashboard: totals, monthly net, over/under budget and the chart update by themselves.
A7: 5. Over budget months show in red; under budget in green. The bar in "% of annual budget" fills up as you spend.
A9: All names and numbers in this file are EXAMPLE DATA for a fictional bakery. Sample written for portfolio purposes; not client work.
